 Dungeon Crawl Stone Soup version 0.31-a0-233-g139696dc86 (webtiles) character file.

Game seed: 2952202531868969391

81 qw the Shooter (level 4, -1/36 HPs)
             Began as a Minotaur Hexslinger on July 9, 2023.
             Slain by Sigmund
             ... wielding a +0 scythe
              (9 damage)
             ... on level 2 of the Dungeon.
             The game lasted 00:00:29 (1271 turns).

qw the Shooter (Minotaur Hexslinger)                Turns: 1271, Time: 00:00:29

Health: -1/36      AC:  6    Str: 13    XL:     4   Next: 19%
Magic:  4/4        EV: 11    Int: 10    God:
Gold:   142        SH:  0    Dex: 14    Spells: 4/5 levels left

rFire   . . .        a - +1 sling
rCold   . . .        (no shield)
rNeg    . . .        f - +0 ring mail
rPois   .            (helmet restricted)
rElec   .            d - +0 cloak
rCorr   .            (no gloves)
SInv    .            (no boots)
Will    .....        (no amulet)
Stlth   +            (no ring)
HPRegen 0.26/turn    (no ring)
MPRegen 0.09/turn

%: no passive effects
@: no status effects
A: horns 2, retaliatory headbutt
a: no special abilities


You were on level 2 of the Dungeon.
You visited 1 branch of the dungeon, and saw 2 of its levels.

You collected 142 gold pieces.


Innate Abilities, Weirdness & Mutations

You have a pair of horns on your head.
You reflexively headbutt those who attack you in melee.


   Skills:
 - Level 2.0 Fighting
 + Level 4.5 Ranged Weapons
 - Level 1.0 Armour
 - Level 2.1 Dodging
 - Level 1.0 Spellcasting
 - Level 2.0 Hexes


You had 4 spell levels left.
You knew the following spells:

 Your Spells              Type           Power      Damage    Failure   Level
a - Slow                  Hex            16%        N/A       32%         1

Your spell library contained the following spells:

 Spells                   Type           Power      Damage    Failure   Level
 Inner Flame              Hex/Fire       2%         N/A       82%         3
 Portal Projectile        Hex/Tloc       4%         N/A       82%         3
 Cause Fear               Hex            2%         N/A       97%         4

Inventory:

Hand Weapons
 a - a +1 sling (weapon)
Armour
 d - a +0 cloak (worn)
 f - a +0 ring mail (worn)
Scrolls
 b - a scroll of immolation {unknown}
 c - a scroll of revelation {unknown}
 e - a scroll of identify {unknown}
 i - a scroll of silence {unknown}
Potions
 g - 2 potions of attraction {unknown}
 h - a potion of enlightenment {unknown}

Dungeon Overview and Level Annotations

Branches:
Dungeon (2/15)

Altars:

Annotations:
D:2 Sigmund


Message History

You shoot a sling bullet.
The sling bullet barely misses the frilled lizard.
The frilled lizard barely misses you.
You shoot a sling bullet.
The sling bullet hits the frilled lizard.
You kill the frilled lizard!
You see here a frilled lizard corpse.
Sigmund the Dreaded comes into view.
He is wielding a +0 scythe.
Sigmund shouts!
Enter note:
Enter note:
Enter note:
Enter note:
Enter note:
Enter note: You shoot a sling bullet.
The sling bullet hits Sigmund!
Sigmund is moderately wounded.
Sigmund hits you from afar with a +0 scythe.
You shoot a sling bullet. The sling bullet hits Sigmund.
Sigmund is heavily wounded.
Sigmund casts a spell.
Sigmund flickers and vanishes!
Deactivating autopickup; reactivate with Ctrl-A.
You shoot a sling bullet.
You hear some strange, mumbled words.
Something tries to affect you, but you resist.
You shoot a sling bullet. Something hits you.
You shoot a sling bullet. Something hits you.
You shoot a sling bullet. Something hits you!
You shoot a sling bullet. Something hits you but does no damage.
You shoot a sling bullet. You shoot a sling bullet. Something hits you!
You shoot a sling bullet. Something hits you!
You die...

..######## #.# #. ...<...... #.#
#. #.######## #.# #. #.# #.# #.
#.# #.# #. #.# #.# #. #.#
#########.####. #.####
#.######..............
#....#######....@...#%###########
#...............#####.#
#.##.##########{ #.# #.##.# #.
#.# #.##.# #. #.# ..##.# #. #.#
.....# #. #.# ###### #. #.#


There were no monsters in sight!

Vanquished Creatures
  Robin (D:2)
  3 adders (D:2)
  2 dart slugs (D:1)
  4 ball pythons
  2 endoplasms
  2 giant cockroaches (D:1)
  8 goblins
  5 hobgoblins
  2 quokkas
  2 bats (D:1)
  3 frilled lizards (D:2)
  2 kobolds (D:1)
  3 rats (D:1)
39 creatures vanquished.

Notes
Turn   | Place    | Note
-------+----------+-------------------------------------------
     0 | D:1      | qw the Minotaur Hexslinger began the quest for the Orb.
     0 | D:1      | Reached XP level 1. HP: 16/16 MP: 1/1
     0 | D:1      | 0 ||| qw: Version: 0.3-a-51-g015441d
     0 | D:1      | 0 ||| qw: Game counter: 3947
     0 | D:1      | 0 ||| qw: Melee chars always use a shield: true
     0 | D:1      | 0 ||| qw: God list: Okawaru
     0 | D:1      | 0 ||| qw: Allow faded altars: false
     0 | D:1      | 0 ||| qw: Do Orc after clearing Dungeon:15 true
     0 | D:1      | 0 ||| qw: Do second Lair branch before Depths: true
     0 | D:1      | 0 ||| qw: Lair rune preference: random
     0 | D:1      | 0 ||| qw: Goals: Normal
     0 | D:1      | 0 ||| PLANNING D:1-11
    33 | D:1      | 33 ||| FLEEEEING.
    40 | D:1      | 40 ||| FLEEEEING.
    42 | D:1      | 42 ||| FLEEEEING.
   113 | D:1      | Reached skill level 3 in Ranged Weapons
   113 | D:1      | Reached XP level 2. HP: 14/23 MP: 2/2
   744 | D:1      | 744 ||| UPGRADING to +0 cloak.
   749 | D:1      | 749 ||| UPGRADING to +0 leather armour.
   759 | D:1      | 759 ||| DROPPING +0 robe.
   760 | D:1      | 760 ||| UPGRADING to +0 ring mail.
   770 | D:1      | 770 ||| DROPPING +0 leather armour.
   771 | D:1      | 771 ||| DROPPING scroll of poison.
   934 | D:2      | Reached XP level 3. HP: 25/29 MP: 3/3
   935 | D:2      | Reached skill level 4 in Ranged Weapons
   968 | D:2      | Noticed Robin
   974 | D:2      | Reached skill level 1 in Armour
   987 | D:2      | Killed Robin
   988 | D:2      | Reached XP level 4. HP: 20/36 MP: 4/4
  1261 | D:2      | Noticed Sigmund
  1270 | D:2      | HP: 8/36 [something (8)]
  1271 | D:2      | Slain by Sigmund

Levels and vault maps discovered:
D:1:      shiori_arrival_elements, layout_basic, minivault_11
D:2:      layout_loops_ring, uniq_sigmund, uniq_robin

Skill      XL: |  1  2  3 |
---------------+----------+-----
Ranged Weapons | 3 4 |  4.5
Fighting       | 2 |  2.0
Armour         | 1 |  1.0
Dodging        | |  2.1
Spellcasting   | |  1.0
Hexes          | |  2.0

Action                     |  1- 3 |  4- 6 || total
---------------------------+-------+-------++-------
   Fire: Sling             |    87 |    27 ||   114
 Armour: Robe              |     3 |       ||     3
         Ring mail         |    15 |     6 ||    21
  Dodge: Dodged            |    45 |     7 ||    52

Table legend:
 A = Non-vault XP
 B = Vault XP
 C = Vault XP percentage of total XP
 D = Non-vault monster count
 E = Vault monster count
 F = Vault count percentage of total count
                 A         B        C        D         E       F
            +---------+---------+-------+---------+---------+-------
      Total |      84 |      32 |  27.6 |      29 |      10 |  25.6
            +---------+---------+-------+---------+---------+-------
        D:1 |      33 |       0 |   0.0 |      18 |       0 |   0.0
        D:2 |      51 |      32 |  38.6 |      11 |      10 |  47.6
            +---------+---------+-------+---------+---------+-------
